WCHLSIM.com - West Coast Hockey League
html PUBLIC "-//W3C//DTD XHTML 1.0 Transitional//EN" "http://www.w3.org/TR/xhtml1/DTD/xhtml1-transitional.dtd"> WCHL - Game 118 - LOS ANGELES SEALS vs PHOENIX MUSTANGS

LOS ANGELES SEALS vs PHOENIX MUSTANGS

Created - 29 octobre 2023 at 21:38

Goals
1 2 3 T
LOS ANGELES SEALS 2 1 2 5
PHOENIX MUSTANGS 1 1 0 2
Shots
1 2 3 T
LOS ANGELES SEALS 8 10 19 37
PHOENIX MUSTANGS 5 12 5 22

1st period

1. LOS ANGELES SEALS , Nikita Kucherov 1 (Jonathan Audy-Marchessault 3, Claude Giroux 4) at 4:20
2. LOS ANGELES SEALS , Nikita Kucherov 2 (Gustav Forsling 2, Claude Giroux 5) at 14:50 (PP)
3. PHOENIX MUSTANGS , Jonathan Miller 2 (Andrew Copp 4, Brad Marchand 3) at 16:56

Penalties :
Jeff Petry (PHX) for Roughing (Minor) at 13:25

2nd period

4. LOS ANGELES SEALS , Owen Tippett 4 (Mikael Backlund 3, Noah Cates 2) at 13:33
5. PHOENIX MUSTANGS , Erik Karlsson 1 (Mark Scheifele 5, Kyle Connor 2) at 14:47

Penalties :
Brandon Carlo (LOS) for Charging (Minor) at 6:29, Alex Goligoski (LOS) for Interference (Minor) at 18:45

3rd period

6. LOS ANGELES SEALS , Claude Giroux 4 (Nikita Kucherov 6, Noah Dobson 1) at 6:11
7. LOS ANGELES SEALS , Dylan Strome 6 (David Krejci 9, Matthew Boldy 4) at 17:21

Penalties :
Drew Doughty (LOS) for Slashing (Minor) at 3:32, Ilya Lyubushkin (PHX) for Holding (Minor) at 9:41

Goalie Stats

Carter Hart (LOS), 20 saves from 22 shots - (0,909), W, 6-3-0, 60:00 minutes
Petr Mrazek (PHX), 13 saves from 14 shots - (0,929), 13:49 minutes
Antti Raanta (PHX), 19 saves from 23 shots - (0,826), L, 1-3-1, 46:11 minutes

Players Stats for LOS ANGELES SEALS

Player Name              G  A  P  +/- PIM S  H  SB GA TA FO     MP     PP MP  PK MP  
------------------------------------------------------------------------------------
Alex Goligoski           0  0  0   2  2   0  0  0  0  0  0/0    14:23   0:00   1:43 
Ben Chiarot              0  0  0   2  0   1  2  2  0  0  0/0    21:18   1:39   3:15 
Brandon Carlo            0  0  0   2  2   0  1  3  0  0  0/0    17:08   0:00   1:31 
Claude Giroux            1  2  3   2  0   6  1  0  0  0  17/26  20:51   1:54   0:00 
David Krejci             0  1  1  -1  0   3  1  0  0  0  11/22  17:37   1:30   0:00 
Drew Doughty             0  0  0  -2  2   2  1  0  0  0  0/0    22:23   1:45   2:02 
Dylan Strome             1  0  1  -1  0   2  0  0  0  0  1/1    17:47   1:30   0:10 
Gustav Forsling          0  1  1  -2  0   0  1  1  0  0  0/0    25:55   1:39   2:42 
Jake Evans               0  0  0   0  0   1  0  0  0  0  0/1     5:57   0:00   1:57 
Jonathan Audy-Marchessau 0  1  1   2  0   2  0  0  0  0  0/3    20:27   1:30   0:00 
Mason McTavish           0  0  0   0  0   1  0  0  0  0  2/4     4:00   0:00   0:00 
Matthew Boldy            0  1  1  -1  0   4  1  0  0  0  1/2    18:01   1:54   0:00 
Mikael Backlund          0  1  1   1  0   1  1  0  0  0  18/26  15:25   0:00   3:50 
Nick Bonino              0  0  0   0  0   1  0  0  0  0  0/0     8:00   0:00   4:00 
Nikita Kucherov          2  1  3   2  0   6  1  0  0  0  0/0    20:51   1:54   0:00 
Noah Cates               0  1  1   1  0   3  1  1  0  0  0/0    13:32   0:00   1:57 
Noah Dobson              0  1  1   2  0   0  0  1  0  0  0/0    18:50   1:45   0:41 
Owen Tippett             1  0  1   1  0   4  1  0  0  0  0/1    11:35   0:00   0:00 

Players Stats for PHOENIX MUSTANGS

Player Name              G  A  P  +/- PIM S  H  SB GA TA FO     MP     PP MP  PK MP  
------------------------------------------------------------------------------------
Alex Barre-Boulet        0  0  0  -1  0   0  0  0  0  0  1/1     3:54   0:00   0:00 
Alex Killorn             0  0  0  -1  0   2  0  0  0  0  0/2    16:23   2:48   0:00 
Andrew Copp              0  1  1  -1  0   1  0  0  0  0  1/1    18:12   0:00   1:27 
Brad Marchand            0  1  1  -1  0   1  1  0  0  0  0/0    19:54   3:09   0:00 
Damon Severson           0  0  0   0  0   0  0  0  0  0  0/0    20:25   2:32   0:33 
Erik Karlsson            1  0  1  -2  0   5  1  0  0  0  0/0    25:21   3:25   1:11 
Ilya Lyubushkin          0  0  0   0  2   1  2  2  0  0  0/0    16:42   2:32   0:46 
Jeff Petry               0  0  0  -2  2   1  1  1  0  0  0/0    24:09   3:25   0:51 
Jesper Fast              0  0  0  -1  0   0  0  0  0  0  0/1    13:35   0:00   0:00 
Joel Armia               0  0  0  -1  0   1  0  0  0  0  0/0     5:51   0:00   1:57 
Joel Edmundson           0  0  0   0  0   0  2  1  0  0  0/0    14:14   0:00   1:40 
Jonathan Miller          1  0  1  -1  0   1  0  0  0  0  14/28  21:30   2:48   1:57 
Jordan Eberle            0  0  0   1  0   1  0  0  0  0  2/2    19:13   2:48   0:00 
Kyle Connor              0  1  1   1  0   1  1  0  0  0  0/3    19:34   3:09   0:00 
Mark Scheifele           0  1  1   1  0   3  2  2  0  0  12/31  19:34   3:09   0:00 
Nic Dowd                 0  0  0  -1  0   1  2  0  0  0  6/14   15:02   0:00   1:27 
Radko Gudas              0  0  0   0  0   1  5  2  0  0  0/0    19:07   0:00   1:47 
Tyson Jost               0  0  0  -1  0   2  0  0  0  0  0/3     3:54   0:00   0:00 

3 Stars

1 - Nikita Kucherov (LOS)
2 - Claude Giroux (LOS)
3 - Owen Tippett (LOS)

Power Play

LOS ANGELES SEALS - 1 on 2 Attempt(s) - 50,00%
PHOENIX MUSTANGS - 0 on 3 Attempt(s) - 0,00%

Penalty Kill

LOS ANGELES SEALS - 3 on 3 Attempt(s) - 100,00% - Score 0 goal in Penalty Kill
PHOENIX MUSTANGS - 1 on 2 Attempt(s) - 50,00% - Score 0 goal in Penalty Kill

Team Stat

LOS ANGELES SEALS - Hits : 12 - Faceoff Wins : 50 - Blocked Shots : 8 - Penalty Minutes : 6
PHOENIX MUSTANGS - Hits : 17 - Faceoff Wins : 36 - Blocked Shots : 8 - Penalty Minutes : 4

Official

Referees : Reid Anderson and Frederick L'Ecuyer
Linesman : Matt MacPherson and Brendan Lewis

Game Notes

Petr Mrazek enters game at 6:11 of 3rd period

Finance

Level 1 -- Attendance: 5320 (81,85%) -- Ticket Income 931 000 $
Level 2 -- Attendance: 5424 (92,72%) -- Ticket Income 596 640 $
Level 3 -- Attendance: 1882 (62,73%) -- Ticket Income 188 200 $
Level 4 -- Attendance: 3744 (93,60%) -- Ticket Income 280 800 $
Luxury Box -- Attendance: 810 (81,00%) -- Ticket Income 283 500 $
Game was played at the Mustangs Palace.
Total Attendance: 17180 (84,42%)
Total Ticket Income: 2 280 140 $
Other Expense: 22 801 $
Total Income: 2 257 339 $

LOS ANGELES SEALS

5 vs 5 Forward 
   Center                   Left Wing                Right Wing               Time % Phy DF OF 
 1 Claude Giroux            Jonathan Audy-MarchessaulNikita Kucherov          36     1   2  2  
 2 David Krejci             Matthew Boldy            Dylan Strome             31     1   2  2  
 3 Mikael Backlund          Noah Cates               Owen Tippett             23     1   2  2  
 4 Mason McTavish           Nick Bonino              Jake Evans               10     1   2  2  

5 vs 5 Defense 
   Defense                  Defense                                           Time % Phy DF OF 
 1 Drew Doughty             Gustav Forsling                                   36     1   2  2  
 2 Noah Dobson              Ben Chiarot                                       31     1   2  2  
 3 Brandon Carlo            Alex Goligoski                                    23     1   2  2  
 4 Brandon Carlo            Gustav Forsling                                   10     1   2  2  

PowerPlay Forward 
   Center                   Left Wing                Right Wing               Time % Phy DF OF 
 1 Claude Giroux            Matthew Boldy            Nikita Kucherov          55     1   2  2  
 2 David Krejci             Jonathan Audy-MarchessaulDylan Strome             45     1   2  2  

PowerPlay Defense
   Defense                  Defense                                           Time % Phy DF OF 
 1 Drew Doughty             Noah Dobson                                       55     1   2  2  
 2 Gustav Forsling          Ben Chiarot                                       45     1   2  2  

Penalty Kill 4 Players Forward 
   Center                   Wing                     Time % Phy DF OF 
 1 Mikael Backlund          Nick Bonino              55     1   2  2  
 2 Jake Evans               Noah Cates               45     1   2  2  

Penalty Kill 4 Players Defense
   Defense                  Defense                  Time % Phy DF OF 
 1 Brandon Carlo            Gustav Forsling          55     1   2  2  
 2 Drew Doughty             Ben Chiarot              45     1   2  2  

Penalty Kill - 3 Players Forward 
   Forward                                           Time % Phy DF OF 
 1 Mikael Backlund                                   55     1   2  2  
 2 Jake Evans                                        45     1   2  2  

Penalty Kill - 3 Players Defense
   Defense                  Defense                  Time % Phy DF OF 
 1 Drew Doughty             Gustav Forsling          55     1   2  2  
 2 Brandon Carlo            Ben Chiarot              45     1   2  2  

4 vs 4 Forward 
   Center                   Wing                     Time % Phy DF OF 
 1 Nikita Kucherov          Claude Giroux            55     1   2  2  
 2 David Krejci             Mikael Backlund          45     1   2  2  

4 vs 4 Defense
   Defense                  Defense                  Time % Phy DF OF 
 1 Drew Doughty             Gustav Forsling          55     1   2  2  
 2 Noah Dobson              Ben Chiarot              45     1   2  2  

Last Minutes Offensive
   Center                   Left Wing                Right Wing               Defense                  Defense                  
   Claude Giroux            Nick Bonino              Nikita Kucherov          Drew Doughty             Gustav Forsling          

Last Minutes Defensive
   Center                   Left Wing                Right Wing               Defense                  Defense                  
   Claude Giroux            Nick Bonino              Nikita Kucherov          Drew Doughty             Gustav Forsling          

Goaltenders
Starting : Carter Hart              
Backup : Daniel Vladar            

Extra Forwards
Normal : Matthew Boldy, Owen Tippett, Noah Cates - PP : Matthew Boldy, Owen Tippett - PK : Noah Cates
Extra Defensemen
Normal : Brandon Carlo, Alex Goligoski, Noah Dobson - PP : Brandon Carlo - PK : Alex Goligoski, Noah Dobson
Penalty Shots
Nikita Kucherov, Claude Giroux, David Krejci, Jonathan Audy-Marchessault, Matthew Boldy
Custom OT Lines Forwards
Nikita Kucherov, Claude Giroux, David Krejci, Mikael Backlund, Nick Bonino, Dylan Strome, Jonathan Audy-Marchessault, Matthew Boldy, Owen Tippett, Noah Cates
Custom OT Lines Defensemen
Drew Doughty, Gustav Forsling, Noah Dobson, Ben Chiarot, Brandon Carlo

Scratches
Philip Tomasino (Healthy), Connor Brown (Healthy)

PHOENIX MUSTANGS

5 vs 5 Forward 
   Center                   Left Wing                Right Wing               Time % Phy DF OF 
 1 Mark Scheifele           Kyle Connor              Jordan Eberle            32     0   2  3  
 2 Jonathan Miller          Andrew Copp              Brad Marchand            32     0   2  3  
 3 Nic Dowd                 Alex Killorn             Jesper Fast              26     0   3  2  
 4 Tyson Jost               Joel Armia               Alex Barre-Boulet        10     0   3  2  

5 vs 5 Defense 
   Defense                  Defense                                           Time % Phy DF OF 
 1 Erik Karlsson            Jeff Petry                                        42     0   3  2  
 2 Damon Severson           Radko Gudas                                       35     0   3  2  
 3 Ilya Lyubushkin          Joel Edmundson                                    23     0   3  2  
 4 Erik Karlsson            Jeff Petry                                        0      0   3  2  

PowerPlay Forward 
   Center                   Left Wing                Right Wing               Time % Phy DF OF 
 1 Mark Scheifele           Kyle Connor              Brad Marchand            55     0   1  4  
 2 Jonathan Miller          Alex Killorn             Jordan Eberle            45     0   1  4  

PowerPlay Defense
   Defense                  Defense                                           Time % Phy DF OF 
 1 Erik Karlsson            Jeff Petry                                        65     0   1  4  
 2 Ilya Lyubushkin          Damon Severson                                    35     0   1  4  

Penalty Kill 4 Players Forward 
   Center                   Wing                     Time % Phy DF OF 
 1 Jonathan Miller          Joel Armia               50     1   2  2  
 2 Andrew Copp              Nic Dowd                 50     1   2  2  

Penalty Kill 4 Players Defense
   Defense                  Defense                  Time % Phy DF OF 
 1 Radko Gudas              Erik Karlsson            55     1   2  2  
 2 Jeff Petry               Ilya Lyubushkin          45     1   2  2  

Penalty Kill - 3 Players Forward 
   Forward                                           Time % Phy DF OF 
 1 Nic Dowd                                          60     0   4  1  
 2 Andrew Copp                                       40     0   4  1  

Penalty Kill - 3 Players Defense
   Defense                  Defense                  Time % Phy DF OF 
 1 Erik Karlsson            Radko Gudas              50     0   4  1  
 2 Jeff Petry               Damon Severson           50     0   4  1  

4 vs 4 Forward 
   Center                   Wing                     Time % Phy DF OF 
 1 Mark Scheifele           Kyle Connor              50     0   2  3  
 2 Nic Dowd                 Brad Marchand            50     0   2  3  

4 vs 4 Defense
   Defense                  Defense                  Time % Phy DF OF 
 1 Erik Karlsson            Jeff Petry               50     0   2  3  
 2 Radko Gudas              Damon Severson           50     0   2  3  

Last Minutes Offensive
   Center                   Left Wing                Right Wing               Defense                  Defense                  
   Jonathan Miller          Kyle Connor              Brad Marchand            Erik Karlsson            Jeff Petry               

Last Minutes Defensive
   Center                   Left Wing                Right Wing               Defense                  Defense                  
   Andrew Copp              Jonathan Miller          Nic Dowd                 Radko Gudas              Erik Karlsson            

Goaltenders
Starting : Antti Raanta             
Backup : Petr Mrazek              

Extra Forwards
Normal : Jonathan Miller, Brad Marchand, Mark Scheifele - PP : Jordan Eberle, Kyle Connor - PK : Jesper Fast
Extra Defensemen
Normal : Jeff Petry, Erik Karlsson, Damon Severson - PP : Erik Karlsson - PK : Joel Edmundson, Radko Gudas
Penalty Shots
Mark Scheifele, Jonathan Miller, Kyle Connor, Erik Karlsson, Brad Marchand
Custom OT Lines Forwards
Jonathan Miller, Mark Scheifele, Brad Marchand, Kyle Connor, Jordan Eberle, Andrew Copp, Alex Killorn, Jesper Fast, Nic Dowd, Joel Armia
Custom OT Lines Defensemen
Erik Karlsson, Jeff Petry, Damon Severson, Ilya Lyubushkin, Radko Gudas

Scratches
None


% Time on Ice - LOS ANGELES SEALS

Lines # - Real PCT - Wanted PCT - Time Play
Normal Forward
1 - 37% - 36% - 18:57
2 - 32% - 31% - 16:07
3 - 23% - 23% - 11:35
4 - 8% - 10% - 4:00
Normal Defense
1 - 37% - 36% - 18:37
2 - 32% - 31% - 16:24
3 - 25% - 23% - 12:41
4 - 6% - 10% - 2:57
PP Forward
1 - 56% - 55% - 1:54
2 - 44% - 45% - 1:30
PP Defense
1 - 51% - 55% - 1:45
2 - 49% - 45% - 1:39
PK Forward
1 - 67% - 55% - 4:00
2 - 33% - 45% - 1:57
PK Defense
1 - 45% - 55% - 2:42
2 - 55% - 45% - 3:15
PK3 Forward
1 - 0% - 55%
2 - 0% - 45%
PK3 Defense
1 - 0% - 55%
2 - 0% - 45%
44 Forward
1 - 0% - 55%
2 - 0% - 45%
44 Defense
1 - 0% - 55%
2 - 0% - 45%
Last Minute Offensive  - 0:00
Last Minute Defensive  - 0:00
Total
Forward - 60:00
Defense - 60:00

% Time on Ice - PHOENIX MUSTANGS

Lines # - Real PCT - Wanted PCT - Time Play
Normal Forward
1 - 32% - 32% - 16:25
2 - 33% - 32% - 16:45
3 - 27% - 26% - 13:35
4 - 8% - 10% - 3:54
Normal Defense
1 - 39% - 42% - 19:54
2 - 34% - 35% - 17:20
3 - 26% - 23% - 13:25
4 - 0% - 0% - 0:00
PP Forward
1 - 53% - 55% - 3:09
2 - 47% - 45% - 2:48
PP Defense
1 - 57% - 65% - 3:25
2 - 43% - 35% - 2:32
PK Forward
1 - 57% - 50% - 1:57
2 - 43% - 50% - 1:27
PK Defense
1 - 35% - 55% - 1:11
2 - 65% - 45% - 2:13
PK3 Forward
1 - 0% - 60%
2 - 0% - 40%
PK3 Defense
1 - 0% - 50%
2 - 0% - 50%
44 Forward
1 - 0% - 50%
2 - 0% - 50%
44 Defense
1 - 0% - 50%
2 - 0% - 50%
Last Minute Offensive  - 0:00
Last Minute Defensive  - 0:00
Total
Forward - 60:00
Defense - 60:00

Play-by-Play

1st period


0:01 of 1st period - Claude Giroux wins face-off versus Mark Scheifele in neutral zone.
1:34 of 1st period - Shot by Dylan Strome.
1:34 of 1st period - Shot Misses the Net.
2:32 of 1st period - Shot by Alex Killorn.
2:32 of 1st period - Shot Misses the Net.
3:53 of 1st period - Off-side.
3:54 of 1st period - Claude Giroux wins face-off versus Tyson Jost in neutral zone.
4:20 of 1st period - Shot by Nikita Kucherov.
4:20 of 1st period - Goal by Nikita Kucherov - LOS ANGELES SEALS : 1 - PHOENIX MUSTANGS : 0.
4:21 of 1st period - David Krejci wins face-off versus Jonathan Miller in neutral zone.
4:43 of 1st period - Shot by Andrew Copp.
4:43 of 1st period - Stopped by Carter Hart without a rebound.
4:44 of 1st period - Claude Giroux wins face-off versus Mark Scheifele in LOS ANGELES SEALS zone.
4:44 of 1st period - Claude Giroux is hit by Kyle Connor.
4:50 of 1st period - Mark Scheifele is hit by Claude Giroux and loses puck.
5:03 of 1st period - Shot by Kyle Connor.
5:03 of 1st period - Stopped by Carter Hart without a rebound.
5:04 of 1st period - Jonathan Miller wins face-off versus David Krejci in LOS ANGELES SEALS zone.
7:00 of 1st period - Shot by Joel Armia.
7:00 of 1st period - Shot Misses the Net.
8:12 of 1st period - Shot by Nic Dowd.
8:12 of 1st period - Stopped by Carter Hart without a rebound.
8:13 of 1st period - David Krejci wins face-off versus Jonathan Miller in LOS ANGELES SEALS zone.
8:57 of 1st period - Icing by Brandon Carlo.
8:58 of 1st period - David Krejci wins face-off versus Mark Scheifele in LOS ANGELES SEALS zone.
9:00 of 1st period - Icing by Matthew Boldy.
9:01 of 1st period - David Krejci wins face-off versus Mark Scheifele in LOS ANGELES SEALS zone.
9:30 of 1st period - Shot by Mikael Backlund.
9:30 of 1st period - Shot Blocked by Radko Gudas.
9:32 of 1st period - Shot by Noah Cates.
9:32 of 1st period - Stopped by Antti Raanta with a rebound.
10:45 of 1st period - Icing by Ben Chiarot.
10:46 of 1st period - Mason McTavish wins face-off versus Jonathan Miller in LOS ANGELES SEALS zone.
10:57 of 1st period - Shot by Jake Evans.
10:57 of 1st period - Stopped by Antti Raanta without a rebound.
10:58 of 1st period - Nic Dowd wins face-off versus Claude Giroux in PHOENIX MUSTANGS zone.
11:25 of 1st period - Shot by Jonathan Audy-Marchessault.
11:25 of 1st period - Shot Misses the Net.
11:33 of 1st period - Shot by Claude Giroux.
11:33 of 1st period - Stopped by Antti Raanta without a rebound.
11:34 of 1st period - Jonathan Miller wins face-off versus Mikael Backlund in PHOENIX MUSTANGS zone.
11:34 of 1st period - Jonathan Miller is hit by Mikael Backlund.
12:04 of 1st period - Icing by Joel Edmundson.
12:05 of 1st period - David Krejci wins face-off versus Jonathan Miller in PHOENIX MUSTANGS zone.
12:40 of 1st period - Shot by Matthew Boldy.
12:40 of 1st period - Deflect By David Krejci.
12:40 of 1st period - Stopped by Antti Raanta without a rebound.
12:41 of 1st period - Nic Dowd wins face-off versus Claude Giroux in PHOENIX MUSTANGS zone.
13:18 of 1st period - Shot by Nikita Kucherov.
13:18 of 1st period - Shot Misses the Net.
13:20 of 1st period - Shot by Nikita Kucherov.
13:20 of 1st period - Shot Blocked by Jeff Petry.
13:24 of 1st period - Shot by Claude Giroux.
13:24 of 1st period - Stopped by Antti Raanta with a rebound.
13:25 of 1st period - Minor Penalty to Jeff Petry for Roughing.
13:26 of 1st period - Jonathan Miller wins face-off versus David Krejci in PHOENIX MUSTANGS zone.
13:43 of 1st period - Shot by Jonathan Audy-Marchessault.
13:43 of 1st period - Shot Misses the Net.
14:12 of 1st period - Off-side.
14:13 of 1st period - Claude Giroux wins face-off versus Jonathan Miller in neutral zone.
14:48 of 1st period - Shot by Nikita Kucherov.
14:48 of 1st period - Shot Misses the Net.
14:50 of 1st period - Shot by Gustav Forsling.
14:50 of 1st period - Deflect By Nikita Kucherov.
14:50 of 1st period - Goal by Nikita Kucherov - LOS ANGELES SEALS : 2 - PHOENIX MUSTANGS : 0.
14:51 of 1st period - Mikael Backlund wins face-off versus Mark Scheifele in neutral zone.
14:54 of 1st period - Damon Severson is hit by Owen Tippett and loses puck.
15:00 of 1st period - Icing by Radko Gudas.
15:01 of 1st period - Mikael Backlund wins face-off versus Mark Scheifele in PHOENIX MUSTANGS zone.
15:14 of 1st period - Mikael Backlund is hit by Mark Scheifele and loses puck.
16:54 of 1st period - Shot by Brad Marchand.
16:54 of 1st period - Shot Misses the Net.
16:56 of 1st period - Shot by Andrew Copp.
16:56 of 1st period - Deflect By Jonathan Miller.
16:56 of 1st period - Goal by Jonathan Miller - LOS ANGELES SEALS : 2 - PHOENIX MUSTANGS : 1.
16:57 of 1st period - Claude Giroux wins face-off versus Nic Dowd in neutral zone.
17:59 of 1st period - Shot by Joel Armia.
17:59 of 1st period - Shot Blocked by Ben Chiarot.
18:01 of 1st period - Shot by Joel Armia.
18:01 of 1st period - Stopped by Carter Hart without a rebound.
18:02 of 1st period - Jonathan Miller wins face-off versus Owen Tippett in LOS ANGELES SEALS zone.
18:43 of 1st period - Shot by Mikael Backlund.
18:43 of 1st period - Shot Misses the Net.
18:45 of 1st period - Shot by Brandon Carlo.
18:45 of 1st period - Shot Misses the Net.
18:47 of 1st period - Shot by Noah Cates.
18:47 of 1st period - Shot Misses the Net.
19:06 of 1st period - Shot by David Krejci.
19:06 of 1st period - Shot Misses the Net.
19:18 of 1st period - Shot by Matthew Boldy.
19:18 of 1st period - Stopped by Antti Raanta with a rebound.
19:20 of 1st period - Shot by David Krejci.
19:20 of 1st period - Shot Blocked by Radko Gudas.
Goals for this period are 2 for LOS ANGELES SEALS vs 1 for PHOENIX MUSTANGS.
Shots for this period are 8 for LOS ANGELES SEALS vs 5 for PHOENIX MUSTANGS.

2nd period


0:01 of 2nd period - Claude Giroux wins face-off versus Mark Scheifele in neutral zone.
0:16 of 2nd period - Shot by Claude Giroux.
0:16 of 2nd period - Shot Misses the Net.
1:28 of 2nd period - Shot by Jesper Fast.
1:28 of 2nd period - Shot Blocked by Ben Chiarot.
1:58 of 2nd period - Icing by Radko Gudas.
1:59 of 2nd period - Alex Barre-Boulet wins face-off versus Mason McTavish in PHOENIX MUSTANGS zone.
2:10 of 2nd period - Shot by Tyson Jost.
2:10 of 2nd period - Stopped by Carter Hart without a rebound.
2:11 of 2nd period - Mikael Backlund wins face-off versus Mark Scheifele in LOS ANGELES SEALS zone.
2:51 of 2nd period - Owen Tippett is hit by Jeff Petry and loses puck.
3:11 of 2nd period - Icing by Drew Doughty.
3:12 of 2nd period - Nic Dowd wins face-off versus Claude Giroux in LOS ANGELES SEALS zone.
3:13 of 2nd period - Shot by Alex Killorn.
3:13 of 2nd period - Shot Misses the Net.
3:15 of 2nd period - Shot by Radko Gudas.
3:15 of 2nd period - Stopped by Carter Hart without a rebound.
3:16 of 2nd period - Claude Giroux wins face-off versus Nic Dowd in LOS ANGELES SEALS zone.
3:40 of 2nd period - Icing by Jesper Fast.
3:41 of 2nd period - David Krejci wins face-off versus Nic Dowd in PHOENIX MUSTANGS zone.
3:42 of 2nd period - Shot by Dylan Strome.
3:42 of 2nd period - Shot Misses the Net.
3:50 of 2nd period - Shot by David Krejci.
3:50 of 2nd period - Stopped by Antti Raanta without a rebound.
3:51 of 2nd period - Jonathan Miller wins face-off versus Jonathan Audy-Marchessault in PHOENIX MUSTANGS zone.
3:53 of 2nd period - Icing by Erik Karlsson.
3:54 of 2nd period - Jonathan Miller wins face-off versus Jonathan Audy-Marchessault in PHOENIX MUSTANGS zone.
3:54 of 2nd period - Jonathan Miller is hit by Nikita Kucherov.
4:05 of 2nd period - Gustav Forsling is hit by Brad Marchand and loses puck.
5:06 of 2nd period - Shot by Mark Scheifele.
5:06 of 2nd period - Stopped by Carter Hart without a rebound.
5:07 of 2nd period - Matthew Boldy wins face-off versus Jesper Fast in LOS ANGELES SEALS zone.
5:15 of 2nd period - Shot by Ben Chiarot.
5:15 of 2nd period - Shot Misses the Net.
5:17 of 2nd period - Shot by Noah Dobson.
5:17 of 2nd period - Shot Blocked by Ilya Lyubushkin.
5:46 of 2nd period - Shot by Matthew Boldy.
5:46 of 2nd period - Stopped by Antti Raanta without a rebound.
5:47 of 2nd period - Mark Scheifele wins face-off versus Mason McTavish in PHOENIX MUSTANGS zone.
5:55 of 2nd period - Icing by Erik Karlsson.
5:56 of 2nd period - Mark Scheifele wins face-off versus Mikael Backlund in PHOENIX MUSTANGS zone.
5:56 of 2nd period - Mark Scheifele is hit by Noah Cates.
6:22 of 2nd period - Shot by Kyle Connor.
6:22 of 2nd period - Shot Blocked by Noah Cates.
6:24 of 2nd period - Shot by Jeff Petry.
6:24 of 2nd period - Shot Misses the Net.
6:29 of 2nd period - Minor Penalty to Brandon Carlo for Charging.
6:30 of 2nd period - Jordan Eberle wins face-off versus Mikael Backlund in LOS ANGELES SEALS zone.
6:42 of 2nd period - Off-side.
6:43 of 2nd period - Mikael Backlund wins face-off versus Mark Scheifele in neutral zone.
7:08 of 2nd period - Shot by Erik Karlsson.
7:08 of 2nd period - Shot Misses the Net.
7:10 of 2nd period - Shot by Brad Marchand.
7:10 of 2nd period - Shot Blocked by Gustav Forsling.
7:12 of 2nd period - Shot by Mark Scheifele.
7:12 of 2nd period - Shot Misses the Net.
7:14 of 2nd period - Shot by Jeff Petry.
7:14 of 2nd period - Stopped by Carter Hart without a rebound.
7:15 of 2nd period - Jonathan Miller wins face-off versus Mikael Backlund in LOS ANGELES SEALS zone.
8:30 of 2nd period - Shot by Tyson Jost.
8:30 of 2nd period - Stopped by Carter Hart with a rebound.
8:58 of 2nd period - Shot by David Krejci.
8:58 of 2nd period - Shot Misses the Net.
9:26 of 2nd period - Shot by Erik Karlsson.
9:26 of 2nd period - Stopped by Carter Hart without a rebound.
9:27 of 2nd period - Jonathan Miller wins face-off versus Claude Giroux in LOS ANGELES SEALS zone.
9:54 of 2nd period - Jonathan Audy-Marchessault is hit by Ilya Lyubushkin and loses puck.
10:01 of 2nd period - Shot by Jonathan Audy-Marchessault.
10:01 of 2nd period - Stopped by Antti Raanta without a rebound.
10:02 of 2nd period - Mikael Backlund wins face-off versus Mark Scheifele in PHOENIX MUSTANGS zone.
10:24 of 2nd period - Off-side.
10:25 of 2nd period - Mason McTavish wins face-off versus Nic Dowd in neutral zone.
10:46 of 2nd period - Nick Bonino is hit by Nic Dowd and loses puck.
11:07 of 2nd period - Drew Doughty is hit by Nic Dowd and loses puck.
11:55 of 2nd period - Nikita Kucherov is hit by Erik Karlsson and loses puck.
12:10 of 2nd period - Shot by Nikita Kucherov.
12:10 of 2nd period - Stopped by Antti Raanta without a rebound.
12:11 of 2nd period - Mark Scheifele wins face-off versus David Krejci in PHOENIX MUSTANGS zone.
12:13 of 2nd period - Icing by Kyle Connor.
12:14 of 2nd period - Mark Scheifele wins face-off versus David Krejci in PHOENIX MUSTANGS zone.
12:14 of 2nd period - Mark Scheifele is hit by David Krejci.
12:17 of 2nd period - Icing by Kyle Connor.
12:18 of 2nd period - Mark Scheifele wins face-off versus David Krejci in PHOENIX MUSTANGS zone.
12:31 of 2nd period - Kyle Connor is hit by Matthew Boldy and loses puck.
12:53 of 2nd period - Off-side.
12:54 of 2nd period - Mikael Backlund wins face-off versus Jonathan Miller in neutral zone.
13:25 of 2nd period - Shot by Noah Cates.
13:25 of 2nd period - Shot Misses the Net.
13:31 of 2nd period - Shot by Noah Cates.
13:31 of 2nd period - Deflect By Mikael Backlund.
13:31 of 2nd period - Shot Misses the Net.
13:33 of 2nd period - Shot by Owen Tippett.
13:33 of 2nd period - Goal by Owen Tippett - LOS ANGELES SEALS : 3 - PHOENIX MUSTANGS : 1.
13:34 of 2nd period - Claude Giroux wins face-off versus Kyle Connor in neutral zone.
13:38 of 2nd period - Jonathan Audy-Marchessault is hit by Radko Gudas and loses puck.
13:52 of 2nd period - Nikita Kucherov is hit by Radko Gudas and loses puck.
13:58 of 2nd period - Nikita Kucherov is hit by Radko Gudas and loses puck.
14:01 of 2nd period - Shot by Claude Giroux.
14:01 of 2nd period - Stopped by Antti Raanta without a rebound.
14:02 of 2nd period - David Krejci wins face-off versus Nic Dowd in PHOENIX MUSTANGS zone.
14:03 of 2nd period - Shot by Dylan Strome.
14:03 of 2nd period - Shot Misses the Net.
14:13 of 2nd period - Shot by Nic Dowd.
14:13 of 2nd period - Shot Blocked by Noah Dobson.
14:17 of 2nd period - Shot by Alex Killorn.
14:17 of 2nd period - Stopped by Carter Hart without a rebound.
14:18 of 2nd period - Claude Giroux wins face-off versus Mark Scheifele in LOS ANGELES SEALS zone.
14:23 of 2nd period - Shot by Nikita Kucherov.
14:23 of 2nd period - Shot Misses the Net.
14:26 of 2nd period - Icing by Jeff Petry.
14:27 of 2nd period - Jordan Eberle wins face-off versus David Krejci in PHOENIX MUSTANGS zone.
14:35 of 2nd period - Shot by Kyle Connor.
14:35 of 2nd period - Deflect By Mark Scheifele.
14:35 of 2nd period - Stopped by Carter Hart with a rebound.
14:37 of 2nd period - Shot by Jeff Petry.
14:37 of 2nd period - Shot Misses the Net.
14:45 of 2nd period - Shot by Mark Scheifele.
14:45 of 2nd period - Stopped by Carter Hart with a rebound.
14:47 of 2nd period - Shot by Erik Karlsson.
14:47 of 2nd period - Goal by Erik Karlsson - LOS ANGELES SEALS : 3 - PHOENIX MUSTANGS : 2.
14:48 of 2nd period - Claude Giroux wins face-off versus Jonathan Miller in neutral zone.
15:01 of 2nd period - Shot by Brad Marchand.
15:01 of 2nd period - Shot Misses the Net.
15:29 of 2nd period - Shot by Jonathan Miller.
15:29 of 2nd period - Deflect By Brad Marchand.
15:29 of 2nd period - Stopped by Carter Hart without a rebound.
15:30 of 2nd period - Nic Dowd wins face-off versus David Krejci in LOS ANGELES SEALS zone.
15:45 of 2nd period - Shot by Matthew Boldy.
15:45 of 2nd period - Shot Misses the Net.
15:47 of 2nd period - Shot by Drew Doughty.
15:47 of 2nd period - Stopped by Antti Raanta without a rebound.
15:48 of 2nd period - Mikael Backlund wins face-off versus Mark Scheifele in PHOENIX MUSTANGS zone.
15:59 of 2nd period - Shot by Owen Tippett.
15:59 of 2nd period - Shot Blocked by Mark Scheifele.
16:01 of 2nd period - Shot by Owen Tippett.
16:01 of 2nd period - Deflect By Mikael Backlund.
16:01 of 2nd period - Stopped by Antti Raanta without a rebound.
16:02 of 2nd period - David Krejci wins face-off versus Nic Dowd in PHOENIX MUSTANGS zone.
17:17 of 2nd period - Shot by Noah Cates.
17:17 of 2nd period - Shot Blocked by Mark Scheifele.
17:19 of 2nd period - Shot by Noah Dobson.
17:19 of 2nd period - Deflect By Noah Cates.
17:19 of 2nd period - Stopped by Antti Raanta without a rebound.
17:20 of 2nd period - Claude Giroux wins face-off versus Jonathan Miller in PHOENIX MUSTANGS zone.
17:20 of 2nd period - Claude Giroux is hit by Joel Edmundson.
17:26 of 2nd period - Shot by Nikita Kucherov.
17:26 of 2nd period - Shot Misses the Net.
17:28 of 2nd period - Shot by Claude Giroux.
17:28 of 2nd period - Stopped by Antti Raanta without a rebound.
17:29 of 2nd period - Mark Scheifele wins face-off versus Claude Giroux in PHOENIX MUSTANGS zone.
17:35 of 2nd period - Kyle Connor is hit by Brandon Carlo and loses puck.
18:40 of 2nd period - Shot by Jonathan Miller.
18:40 of 2nd period - Shot Misses the Net.
18:42 of 2nd period - Shot by Jonathan Miller.
18:42 of 2nd period - Deflect By Brad Marchand.
18:42 of 2nd period - Shot Blocked by Brandon Carlo.
18:45 of 2nd period - Minor Penalty to Alex Goligoski for Interference.
18:46 of 2nd period - Jonathan Miller wins face-off versus Mikael Backlund in LOS ANGELES SEALS zone.
19:19 of 2nd period - Jonathan Miller is hit by Drew Doughty and loses puck.
19:42 of 2nd period - Shot by Brad Marchand.
19:42 of 2nd period - Shot Misses the Net.
19:44 of 2nd period - Shot by Ilya Lyubushkin.
19:44 of 2nd period - Stopped by Carter Hart without a rebound.
19:45 of 2nd period - Mikael Backlund wins face-off versus Mark Scheifele in LOS ANGELES SEALS zone.
Goals for this period are 1 for LOS ANGELES SEALS vs 1 for PHOENIX MUSTANGS.
Shots for this period are 10 for LOS ANGELES SEALS vs 12 for PHOENIX MUSTANGS.

3rd period


0:01 of 3rd period - Mark Scheifele wins face-off versus Mikael Backlund in neutral zone.
0:17 of 3rd period - Icing by Erik Karlsson.
0:18 of 3rd period - Mark Scheifele wins face-off versus Mikael Backlund in PHOENIX MUSTANGS zone.
0:20 of 3rd period - Icing by Kyle Connor.
0:21 of 3rd period - Mikael Backlund wins face-off versus Kyle Connor in PHOENIX MUSTANGS zone.
0:25 of 3rd period - Icing by Kyle Connor.
0:26 of 3rd period - Mark Scheifele wins face-off versus Mikael Backlund in PHOENIX MUSTANGS zone.
0:39 of 3rd period - Shot by Erik Karlsson.
0:39 of 3rd period - Stopped by Carter Hart without a rebound.
0:40 of 3rd period - Mikael Backlund wins face-off versus Alex Killorn in LOS ANGELES SEALS zone.
0:59 of 3rd period - Shot by Matthew Boldy.
0:59 of 3rd period - Stopped by Antti Raanta with a rebound.
1:17 of 3rd period - Shot by Matthew Boldy.
1:17 of 3rd period - Stopped by Antti Raanta without a rebound.
1:18 of 3rd period - Mikael Backlund wins face-off versus Jonathan Miller in PHOENIX MUSTANGS zone.
1:43 of 3rd period - Shot by Mikael Backlund.
1:43 of 3rd period - Deflect By Owen Tippett.
1:43 of 3rd period - Stopped by Antti Raanta without a rebound.
1:44 of 3rd period - Claude Giroux wins face-off versus Mark Scheifele in PHOENIX MUSTANGS zone.
2:15 of 3rd period - Shot by Claude Giroux.
2:15 of 3rd period - Shot Misses the Net.
2:17 of 3rd period - Shot by Claude Giroux.
2:17 of 3rd period - Shot Blocked by Joel Edmundson.
2:30 of 3rd period - Nikita Kucherov is hit by Ilya Lyubushkin and loses puck.
3:27 of 3rd period - Shot by Andrew Copp.
3:27 of 3rd period - Shot Misses the Net.
3:29 of 3rd period - Shot by Jonathan Miller.
3:29 of 3rd period - Shot Misses the Net.
3:31 of 3rd period - Shot by Brad Marchand.
3:31 of 3rd period - Shot Misses the Net.
3:32 of 3rd period - Minor Penalty to Drew Doughty for Slashing.
3:33 of 3rd period - Mikael Backlund wins face-off versus Jonathan Miller in LOS ANGELES SEALS zone.
3:52 of 3rd period - Shot by Erik Karlsson.
3:52 of 3rd period - Stopped by Carter Hart without a rebound.
3:53 of 3rd period - Mikael Backlund wins face-off versus Mark Scheifele in LOS ANGELES SEALS zone.
3:53 of 3rd period - Mikael Backlund is hit by Mark Scheifele.
4:00 of 3rd period - Icing by Brad Marchand.
4:01 of 3rd period - Mikael Backlund wins face-off versus Mark Scheifele in PHOENIX MUSTANGS zone.
4:11 of 3rd period - Icing by Ilya Lyubushkin.
4:12 of 3rd period - Mark Scheifele wins face-off versus Jake Evans in PHOENIX MUSTANGS zone.
4:26 of 3rd period - Shot by Brad Marchand.
4:26 of 3rd period - Shot Blocked by Brandon Carlo.
4:28 of 3rd period - Shot by Damon Severson.
4:28 of 3rd period - Shot Blocked by Brandon Carlo.
4:30 of 3rd period - Shot by Mark Scheifele.
4:30 of 3rd period - Shot Misses the Net.
5:12 of 3rd period - Shot by Erik Karlsson.
5:12 of 3rd period - Stopped by Carter Hart without a rebound.
5:13 of 3rd period - Mikael Backlund wins face-off versus Jonathan Miller in LOS ANGELES SEALS zone.
5:34 of 3rd period - Shot by Jordan Eberle.
5:34 of 3rd period - Stopped by Carter Hart without a rebound.
5:35 of 3rd period - David Krejci wins face-off versus Tyson Jost in LOS ANGELES SEALS zone.
5:57 of 3rd period - Shot by David Krejci.
5:57 of 3rd period - Shot Misses the Net.
5:59 of 3rd period - Shot by Dylan Strome.
5:59 of 3rd period - Stopped by Antti Raanta without a rebound.
6:00 of 3rd period - Nic Dowd wins face-off versus Jonathan Audy-Marchessault in PHOENIX MUSTANGS zone.
6:11 of 3rd period - Shot by Claude Giroux.
6:11 of 3rd period - Goal by Claude Giroux - LOS ANGELES SEALS : 4 - PHOENIX MUSTANGS : 2.
6:11 of 3rd period - Petr Mrazek enters game.
6:12 of 3rd period - Jonathan Miller wins face-off versus David Krejci in neutral zone.
6:34 of 3rd period - Icing by Gustav Forsling.
6:35 of 3rd period - Nic Dowd wins face-off versus David Krejci in LOS ANGELES SEALS zone.
6:38 of 3rd period - Shot by Alex Killorn.
6:38 of 3rd period - Stopped by Carter Hart without a rebound.
6:39 of 3rd period - Claude Giroux wins face-off versus Nic Dowd in LOS ANGELES SEALS zone.
6:39 of 3rd period - Jonathan Audy-Marchessault is hit by Radko Gudas and loses puck.
6:52 of 3rd period - Icing by Nic Dowd.
6:53 of 3rd period - Dylan Strome wins face-off versus Alex Killorn in PHOENIX MUSTANGS zone.
6:56 of 3rd period - Shot by Matthew Boldy.
6:56 of 3rd period - Shot Misses the Net.
7:25 of 3rd period - Alex Killorn is hit by Gustav Forsling and loses puck.
7:54 of 3rd period - Shot by Nikita Kucherov.
7:54 of 3rd period - Stopped by Petr Mrazek without a rebound.
7:55 of 3rd period - Claude Giroux wins face-off versus Mark Scheifele in PHOENIX MUSTANGS zone.
7:56 of 3rd period - Shot by Nikita Kucherov.
7:56 of 3rd period - Stopped by Petr Mrazek without a rebound.
7:57 of 3rd period - Mark Scheifele wins face-off versus Claude Giroux in PHOENIX MUSTANGS zone.
8:40 of 3rd period - Shot by Nikita Kucherov.
8:40 of 3rd period - Shot Misses the Net.
9:10 of 3rd period - Shot by Noah Cates.
9:10 of 3rd period - Stopped by Petr Mrazek without a rebound.
9:11 of 3rd period - Jonathan Miller wins face-off versus Matthew Boldy in PHOENIX MUSTANGS zone.
9:41 of 3rd period - Minor Penalty to Ilya Lyubushkin for Holding.
9:42 of 3rd period - Andrew Copp wins face-off versus Claude Giroux in PHOENIX MUSTANGS zone.
12:34 of 3rd period - Icing by Brandon Carlo.
12:35 of 3rd period - Mikael Backlund wins face-off versus Nic Dowd in LOS ANGELES SEALS zone.
12:50 of 3rd period - Shot by Nick Bonino.
12:50 of 3rd period - Stopped by Petr Mrazek without a rebound.
12:51 of 3rd period - Claude Giroux wins face-off versus Jonathan Miller in PHOENIX MUSTANGS zone.
13:00 of 3rd period - Shot by Jonathan Audy-Marchessault.
13:00 of 3rd period - Stopped by Petr Mrazek without a rebound.
13:01 of 3rd period - Jonathan Miller wins face-off versus Claude Giroux in PHOENIX MUSTANGS zone.
13:19 of 3rd period - Andrew Copp is hit by Ben Chiarot and loses puck.
13:27 of 3rd period - Brad Marchand is hit by Ben Chiarot and loses puck.
14:50 of 3rd period - Shot by Matthew Boldy.
14:50 of 3rd period - Shot Misses the Net.
14:52 of 3rd period - Shot by Matthew Boldy.
14:52 of 3rd period - Shot Misses the Net.
15:25 of 3rd period - Shot by Nick Bonino.
15:25 of 3rd period - Deflect By Mason McTavish.
15:25 of 3rd period - Stopped by Petr Mrazek with a rebound.
15:27 of 3rd period - Shot by Mason McTavish.
15:27 of 3rd period - Shot Misses the Net.
15:29 of 3rd period - Shot by Brandon Carlo.
15:29 of 3rd period - Shot Blocked by Ilya Lyubushkin.
15:40 of 3rd period - Nick Bonino is hit by Joel Edmundson and loses puck.
16:17 of 3rd period - Shot by Owen Tippett.
16:17 of 3rd period - Stopped by Petr Mrazek without a rebound.
16:18 of 3rd period - Jonathan Miller wins face-off versus Claude Giroux in PHOENIX MUSTANGS zone.
16:54 of 3rd period - Icing by Erik Karlsson.
16:55 of 3rd period - Jonathan Miller wins face-off versus David Krejci in PHOENIX MUSTANGS zone.
17:21 of 3rd period - Shot by Dylan Strome.
17:21 of 3rd period - Goal by Dylan Strome - LOS ANGELES SEALS : 5 - PHOENIX MUSTANGS : 2.
17:22 of 3rd period - Mikael Backlund wins face-off versus Mark Scheifele in neutral zone.
17:25 of 3rd period - Shot by Owen Tippett.
17:25 of 3rd period - Stopped by Petr Mrazek with a rebound.
17:28 of 3rd period - Icing by Damon Severson.
17:29 of 3rd period - Claude Giroux wins face-off versus Kyle Connor in PHOENIX MUSTANGS zone.
17:36 of 3rd period - Shot by Jonathan Audy-Marchessault.
17:36 of 3rd period - Shot Misses the Net.
17:38 of 3rd period - Shot by Ben Chiarot.
17:38 of 3rd period - Stopped by Petr Mrazek with a rebound.
17:40 of 3rd period - Shot by Claude Giroux.
17:40 of 3rd period - Stopped by Petr Mrazek with a rebound.
17:59 of 3rd period - Icing by Mark Scheifele.
18:00 of 3rd period - Mark Scheifele wins face-off versus David Krejci in PHOENIX MUSTANGS zone.
18:17 of 3rd period - Gustav Forsling is hit by Radko Gudas and loses puck.
18:24 of 3rd period - Shot by Drew Doughty.
18:24 of 3rd period - Stopped by Petr Mrazek without a rebound.
18:25 of 3rd period - Claude Giroux wins face-off versus Jonathan Miller in PHOENIX MUSTANGS zone.
18:56 of 3rd period - Shot by Nikita Kucherov.
18:56 of 3rd period - Stopped by Petr Mrazek without a rebound.
18:57 of 3rd period - David Krejci wins face-off versus Tyson Jost in PHOENIX MUSTANGS zone.
19:00 of 3rd period - Shot by David Krejci.
19:00 of 3rd period - Stopped by Petr Mrazek without a rebound.
19:01 of 3rd period - David Krejci wins face-off versus Mark Scheifele in PHOENIX MUSTANGS zone.
19:25 of 3rd period - Off-side.
19:26 of 3rd period - Mikael Backlund wins face-off versus Jonathan Miller in neutral zone.
Goals for this period are 2 for LOS ANGELES SEALS vs 0 for PHOENIX MUSTANGS.
Shots for this period are 19 for LOS ANGELES SEALS vs 5 for PHOENIX MUSTANGS.


BLAKE
WHEELER
STEVEN
STAMKOS
DREW
DOUGHTY

EAST COAST

HOCKEY LEAGUE

  • 63.RHI2PIT5
  • 64.WOR4ATL3
  • 65.QUECHW
  • 66.CHATRV